Map: Bel'Shir Vestige LE (Void)

Players

Neeb - Winner!

  • Race: Protoss Protoss
  • Spawn Location: 5:00

TLO

  • Race: Zerg Zerg
  • Spawn Location: 11:00

Event: WCS Austin 2017

VOD

Have the link to the VOD?

Description

Time

  • Played on: April 28, 2017, 10:09 p.m.
  • Length: 6:42

All games in this series

Show
View Real Time Build Order
Export as new Build Order

Neeb Protoss - Winner!

Build Orders: Oracle Opening 

Get SALT Encoding   

  12  0:02  Probe (Chrono Boost)  
  13  0:12  Probe (Chrono Boost)  
  14  0:17  Pylon  
  14  0:23  Probe (Chrono Boost)  
  15  0:36  Probe (Chrono Boost), Gateway  
  16  0:46  Probe (Chrono Boost)  
  16  0:47  Assimilator  
  18  0:57  Probe (Chrono Boost)  
  18  1:07  Probe (Chrono Boost)  
  19  1:20  Zealot  
  19  1:22  Probe (Chrono Boost)  
  19  1:23  Pylon  
  22  1:26  Cybernetics Core  
  23  1:34  Probe (Chrono Boost)  
  23  1:43  Zealot  
  23  1:46  Probe (Chrono Boost)  
  26  1:58  Probe (Chrono Boost)  
  27  2:06  Warp Gate  
  27  2:07  Adept  
  30  2:16  Probe (Chrono Boost)  
  30  2:18  Nexus  
  30  2:20  Pylon  
  30  2:27  Assimilator  
  30  2:28  Probe (Chrono Boost)  
  31  2:34  Adept  
  31  2:41  Probe (Chrono Boost)  
  35  2:53  Probe (Chrono Boost)  
  35  3:00  Stargate  
  35  3:04  Adept  
  35  3:05  Probe (Chrono Boost)  
  38  3:17  Probe (Chrono Boost)  
  38  3:18  Gateway  
  38  3:19  Gateway  
  39  3:30  Probe (Chrono Boost)  
  39  3:33  Probe (Chrono Boost)  
  39  3:40  Probe (Chrono Boost)  
  38  3:43  Probe (Chrono Boost)  
  38  3:48  Oracle  
  39  3:52  Probe (Chrono Boost)  
  41  3:58  Probe (Chrono Boost)  
  41  4:01  Twilight Council  
  40  4:05  Pylon x2  
  40  4:09  Probe (Chrono Boost)  
  42  4:10  Probe (Chrono Boost)  
  42  4:15  Pylon  
  42  4:20  Probe (Chrono Boost)  
  42  4:22  Probe (Chrono Boost)  
  42  4:23  Phoenix  
  44  4:25  Adept x3  
  44  4:30  Resonating Glaives  
  44  4:31  Probe (Chrono Boost)  
  53  4:34  Probe (Chrono Boost)  
  54  4:43  Probe (Chrono Boost)  
  54  4:49  Probe (Chrono Boost)  
  55  4:55  Assimilator, Probe (Chrono Boost)  
  55  4:56  Adept x2  
  55  4:57  Adept  
  63  5:01  Probe (Chrono Boost)  
  64  5:07  Probe (Chrono Boost)  
  64  5:09  Nexus  
  64  5:17  Probe (Chrono Boost)  
  64  5:18  Adept x3  
  71  5:33  Mothership Core (Chrono Boost), Probe (Chrono Boost)  
  71  5:35  Pylon  
  74  5:36  Pylon  
  74  5:39  Assimilator, Adept  
  74  5:40  Adept  
  78  5:51  Robotics Facility  
  78  5:55  Probe x2 (Chrono Boost)  
  80  6:07  Probe x2 (Chrono Boost)  
  82  6:18  Zealot, Sentry x2  
  84  6:19  Probe x2 (Chrono Boost)  
  84  6:25  Probe (Chrono Boost)  
  87  6:27  Forge  
  87  6:31  Probe x2 (Chrono Boost)  
Show
View Real Time Build Order
Export as new Build Order

TLO Zerg 

Build Orders: Pool First 

Get SALT Encoding   

  12  0:17  Spawning Pool  
  11  0:22  Drone  
  11  0:25  Drone  
  13  0:30  Drone  
  14  0:39  Overlord  
  15  1:04  Zergling x4  
  15  1:05  Zergling x2  
  17  1:17  Zergling x2  
  18  1:22  Hatchery  
  17  1:26  Zergling x2  
  18  1:33  Queen  
  18  1:37  Drone  
  21  1:48  Drone, Extractor  
  21  1:58  Overlord  
  21  2:12  Drone  
  20  2:16  Queen  
  21  2:23  Drone  
  22  2:31  Drone  
  22  2:34  Queen  
  22  2:35  Drone  
  26  2:45  Drone x2  
  26  2:49  Zergling x2  
  26  2:50  Zergling x2  
  30  2:53  Drone  
  31  2:59  Overlord  
  31  3:01  Drone  
  32  3:07  Metabolic Boost  
  32  3:13  Overlord  
  32  3:16  Drone  
  32  3:19  Drone  
  34  3:21  Drone  
  34  3:25  Drone  
  36  3:33  Zergling x2  
  35  3:34  Zergling x2  
  35  3:35  Zergling x2  
  35  3:37  Zergling x2  
  37  3:45  Drone  
  37  3:47  Drone  
  36  3:52  Drone  
  35  4:02  Drone  
  36  4:05  Spore Crawler  
  36  4:06  Drone x2  
  36  4:09  Drone  
  38  4:11  Drone  
  38  4:12  Drone  
  40  4:19  Drone x2  
  42  4:31  Hatchery  
  42  4:36  Baneling Nest  
  42  4:38  Drone  
  41  4:41  Drone  
  41  4:42  Drone x2  
  41  4:44  Drone  
  45  4:46  Drone  
  46  4:53  Overlord  
  46  4:54  Drone  
  46  4:59  Overlord  
  47  5:01  Zergling x2  
  47  5:03  Zergling x2  
  47  5:04  Zergling x4  
  51  5:07  Extractor  
  49  5:14  Overlord  
  49  5:16  Overlord  
  49  5:20  Drone  
  49  5:21  Drone  
  49  5:27  Drone  
  48  5:29  Drone x2  
  48  5:32  Zergling x2  
  48  5:33  Zergling x2  
  48  5:34  Baneling  
  52  5:36  Drone x2  
  52  5:38  Zergling x2  
  52  5:41  Baneling  
  55  5:43  Queen  
  55  5:44  Drone  
  55  5:45  Drone  
  55  5:48  Baneling  
  55  5:49  Zergling x2  
  60  5:55  Baneling  
  60  5:56  Zergling x4  
  62  5:57  Zergling x2  
  62  6:02  Zergling x2  
  64  6:05  Baneling  
  64  6:07  Zergling x2  
  65  6:15  Zergling x2  
  65  6:16  Zergling x12  
  65  6:17  Zergling x2  
  65  6:18  Zergling x2  
Tags
 
Add a new tag
Caveats
  • Supply blocks, unpowered buildings, or Contaminate may cause inaccurate times.
  • Supply counts are checked every 10 seconds.